 Dungeon Crawl Stone Soup version 0.21.1-1-g345015fe64 (webtiles) character file.

44748 Kejsarherre the Bludgeoner (level 14, -10/238 HPs)
             Began as an Ogre Hunter on May 1, 2018.
             Was the Champion of Dithmenos.
             Mangled by Rupert
             ... wielding a +5 battleaxe of chopping
              (14 damage)
             ... on level 12 of the Dungeon.
             The game lasted 01:49:56 (24107 turns).

Kejsarherre the Bludgeoner (Ogre Hunter)           Turns: 24107, Time: 01:49:56

Health: -10/238    AC: 27    Str: 18    XL:     14   Next: 30%
Magic:  12/16      EV:  1    Int: 15    God:    Dithmenos [******]
Gold:   911        SH:  0    Dex: 30    Spells: 11/16 levels left

rFire    . . .     SeeInvis .   g - +1 giant spiked club
rCold    + + +     Gourm    .   (shield currently unavailable)
rNeg     + + +     Faith    .   (armour currently unavailable)
rPois    +         Spirit   .   (helmet currently unavailable)
rElec    .         Reflect  .   (cloak currently unavailable)
rCorr    .         Harm     .   (gloves unavailable)
MR       +....     NoTele   +   (boots unavailable)
Stlth    ++++++++..             G - amulet of rage
HPRegen  0.49/turn              H - ring of Kosug {*Drain rC+++ Str-2 Dex+10 Stlth+}
MPRegen  0.15/turn              N - +4 ring of dexterity

@: agile, tree-form, berserk cooldown, slowed, wreathed by umbra, very slow
A: large, unfitting armour, agile 1
a: Shadow Step, Shadow Form, Renounce Religion, Evoke Berserk Rage


You were on level 12 of the Dungeon.
You worshipped Dithmenos.
Dithmenos was exalted by your worship.
You were near starving.
You were a tree.
You visited 3 branches of the dungeon, and saw 19 of its levels.
You also visited: Labyrinth.

You collected 911 gold pieces.

Inventory:

Hand Weapons
 g - a +1 giant spiked club (weapon)
 o - the +2 arbalest of the Wilderness {venom, Str+2}
   (You found it on level 2 of the Lair of Beasts)

   It poisons the ammo it fires.
   It affects your strength (+2).
 R - the +6 war axe "Ikiogid" {chop, +Fly rC+ rN+ Str-2}
   (You found it on level 6 of the Lair of Beasts)

   It inflicts extra damage upon your enemies.
   It affects your strength (-2).
   It protects you from cold.
   It protects you from negative energy.
   It lets you fly.
 S - the +10 spear of Noon {pierce, rF+ rC+}
   (You found it on level 6 of the Lair of Beasts)

   It inflicts extra damage upon your enemies.
   It protects you from fire.
   It protects you from cold.
Missiles
 W - 3 tomahawks (quivered)
Armour
 d - a +0 troll leather armour
 F - a scarf of spirit shield (melded)
 I - the +1 robe of the Marlin (melded) {rElec rPois rF+}
   (You found it in a labyrinth)

   It protects you from fire.
   It insulates you from electricity.
   It protects you from poison.
 O - a +0 large shield of reflection
Jewellery
 j - a +3 ring of intelligence
 k - an uncursed ring of protection from fire
 l - an uncursed ring of protection from magic
 n - an uncursed amulet of magic regeneration
 p - an uncursed ring of ice
 r - an uncursed ring of protection from magic
 B - an uncursed ring of wizardry
 E - an uncursed ring of wizardry
 G - an amulet of rage (around neck)
 H - the ring of Kosug (left branch) {*Drain rC+++ Str-2 Dex+10 Stlth+}
   (You found it in a labyrinth)

   [ring of stealth]

   It affects your strength (-2).
   It affects your dexterity (+10).
   It renders you almost immune to cold.
   It causes draining when unequipped.
   It makes you more stealthy.
 N - a +4 ring of dexterity (right branch)
Wands
 q - a wand of enslavement (16)
 s - a wand of clouds (5)
 z - a wand of acid (9)
 A - a wand of iceblast (13)
 Q - a wand of polymorph (15)
Scrolls
 t - 2 scrolls of amnesia
 u - 3 scrolls of identify
 y - 4 scrolls of enchant armour
 C - 7 scrolls of teleportation
 K - 3 scrolls of remove curse
 M - a scroll of magic mapping
 P - 2 scrolls of fog
 T - a scroll of acquirement
 V - a scroll of enchant weapon
Potions
 e - a potion of resistance
 i - a potion of might
 m - 2 potions of lignification
 v - 2 potions of agility
 x - 2 potions of degeneration
 D - 2 potions of magic
 L - a potion of flight
Books
 a - Patiucal's Almanac of Displaced Clay
   (You found it in a labyrinth)

   Spells                             Type                      Level
   a - Apportation                    Translocation                1
   b - Gell's Gravitas                Translocation                3
   c - Leda's Liquefaction            Hexes/Earth                  4
   d - Dispersal                      Translocation                6
   e - Statue Form                    Transmutation/Earth          6
 b - a book of Frost

   Spells                             Type                      Level
   a - Freeze                         Ice                          1
   b - Throw Frost                    Conjuration/Ice              2
   c - Ozocubu's Armour               Charms/Ice                   3
   d - Throw Icicle                   Conjuration/Ice              4
   e - Summon Ice Beast               Ice/Summoning                4
 c - a book of Power

   Spells                             Type                      Level
   a - Iskenderun's Battlesphere      Conjuration/Charms           5
   b - Venom Bolt                     Conjuration/Poison           5
   c - Bolt of Magma                  Conjuration/Fire/Earth       5
   d - Iron Shot                      Conjuration/Earth            6
   e - Orb of Destruction             Conjuration                  7
   f - Spellforged Servitor           Conjuration/Summoning        7
 h - a book of Party Tricks

   Spells                             Type                      Level
   a - Summon Butterflies             Summoning                    1
   b - Apportation                    Translocation                1
   c - Lesser Beckoning               Translocation                3
   d - Tukima's Dance                 Hexes                        3
   e - Alistair's Intoxication        Transmutation/Poison         5
   f - Invisibility                   Hexes                        6
 w - a book of Battle

   Spells                             Type                      Level
   a - Infusion                       Charms                       1
   b - Shroud of Golubria             Charms/Translocation         2
   c - Song of Slaying                Charms                       2
   d - Spectral Weapon                Hexes/Charms                 3
   e - Regeneration                   Charms/Necromancy            3
 X - a book of Callings

   Spells                             Type                      Level
   a - Summon Small Mammal            Summoning                    1
   b - Call Imp                       Summoning                    2
   c - Call Canine Familiar           Summoning                    3
   d - Summon Guardian Golem          Hexes/Summoning              3
   e - Summon Lightning Spire         Summoning/Air                4
   f - Summon Ice Beast               Ice/Summoning                4
Miscellaneous
 J - a phantom mirror
Comestibles
 f - 30 rations


   Skills:
 - Level 15.1 Fighting
 - Level 16.1 Maces & Flails
 - Level 6.7 Throwing
 + Level 2.1 Armour
 - Level 7.0 Dodging
 - Level 0.6 Stealth
 - Level 1.8 Spellcasting
 - Level 1.4 Charms
 - Level 1.4 Necromancy
 - Level 2.7 Evocations


You had 11 spell levels left.
You knew the following spells:

 Your Spells              Type           Power        Failure   Level  Hunger
a - Song of Slaying       Chrm           #.......     19%         2    ###....
b - Regeneration          Chrm/Necr      #.........   36%         3    ####...


Dungeon Overview and Level Annotations

Branches:
Dungeon (12/15)            Temple (1/1) D:6            Lair (6/6) D:8
 Spider (0/4) Lair:3        Slime (0/5) Lair:6          Orc (0/2) D:12
  Swamp: Lair:2-4    Shoals: Lair:2-4

Altars:
Ashenzari
Cheibriados
Dithmenos
Elyvilon
Fedhas
Gozag
Hepliaklqana
Kikubaaqudgha
Makhleb
Nemelex Xobeh
Okawaru
Qazlal
Ru
Sif Muna
Trog
Uskayaw
Vehumet
Wu Jian
Xom
The Shining One

Shops:
D:4 !   D:12 *[

Annotations:
D:12 Rupert


Innate Abilities, Weirdness & Mutations

You are too large for most types of armour.
((You have tough skin. (AC +1)))
((You have large cloven feet.))
You are agile. (Dex +2)


Message History

Rupert is severely wounded.
Rupert hits you with a battleaxe of chopping!
* * * LOW HITPOINT WARNING * * *
x2 Rupert hits you with a battleaxe of chopping!
* * * LOW HITPOINT WARNING * * *
x2 You barely miss Rupert.
Rupert is severely wounded.
Rupert hits you with a battleaxe of chopping!
* * * LOW HITPOINT WARNING * * *
x2 Rupert hits you with a battleaxe of chopping!!
* * * LOW HITPOINT WARNING * * *
x2 You bludgeon Rupert!!
Rupert is severely wounded.
You are near starving!
Rupert hits you but does no damage.
The orc priest calls down the wrath of Beogh upon you.
Beogh smites you!
* * * LOW HITPOINT WARNING * * *
Rupert hits you with a battleaxe of chopping!
You die...

#o...$$...... #.#
#..o....o.... ...
#.Co.∩.>...$.
#..###.......o....
#...c.....$:o.....
........(.lo.....
#.#######(#...##
#.######oo....#
#..))♣@oW#(...#
########o..#..#
...##..# ###.# .#
.# # .# >. #


You could see Rupert (berserk), a hungry ghost, an orc warrior, an orc priest
and 2 orcs.

Vanquished Creatures
  An entropy weaver (Lair:6)
  A minotaur (Lab)
  A hydra (Lair:4)
  Erica (D:11)
  2 two-headed ogres
  A death yak (Lair:3)
  A queen ant (Lair:6)
  The ghost of tmwh the Cleaver, a novice HOFi of Trog (D:6)
  A fire crab (Lair:6)
  An unseen horror (D:12)
  An ugly thing (D:11)
  7 elephants
  A cyclops (D:12)
  A torpor snail (Lair:3)
  5 black mambas
  A gargoyle (D:8)
  6 komodo dragons
  9 spiny frogs
  A demonic crawler (Lair:3)
  A kobold demonologist (D:11)
  A rime drake (Lair:6)
  10 polar bears
  2 trolls (D:10)
  A hornet (D:10)
  10 blink frogs
  A raiju (Lair:6)
  8 hippogriffs
  A dream sheep (Lair:6)
  A spriggan (D:9)
  2 vampires
  28 yaks
  4 wyverns
  2 basilisks
  Grum (D:11)
  A wraith (D:11)
  4 wargs (Lair:6)
  6 swamp worms (Lair:3)
  22 soldier ants
  An acid dragon (D:12)
  11 water moccasins
  8 porcupines
  16 hell hounds (Lair:6)
  An ice beast (D:6)
  11 black bears (Lair:6)
  A hornet zombie (D:11)
  6 orc warriors
  2 phantoms
  20 wolves
  A necrophage (D:10)
  2 eyes of draining
  2 ogres (D:6)
  4 centaurs
  11 crocodiles
  3 big kobolds
  16 bullfrogs
  A water moccasin zombie (D:5)
  5 scorpions
  11 killer bees
  2 howler monkeys (D:7)
  A centaur zombie (D:9)
  7 crimson imps
  3 bullfrog zombies
  2 quasits
  5 orc priests
  5 jellies
  2 bullfrog skeletons
  3 hounds
  3 iron imps (D:6)
  Ijyb (D:4)
  13 orc wizards
  4 iguanas
  32 worker ants
  A howler monkey zombie (D:9)
  A worker ant zombie (D:9)
  10 gnolls
  9 adders
  2 shadow imps
  4 oozes (Lair:6)
  An adder zombie (D:5)
  4 worms
  7 leopard geckos
  55 orcs
  A ball python (D:2)
  8 giant cockroaches
  8 goblins
  7 hobgoblins
  24 kobolds
  7 quokkas
  A ball python skeleton (D:5)
  5 bats
  5 frilled lizards
  A leopard gecko skeleton (D:4)
  A quokka skeleton (D:7)
  7 rats
  A fungus (Lair:6)
535 creatures vanquished.

Vanquished Creatures (others)
  A wyvern (Lair:6)
  A human (D:4)
  2 kobolds (D:11)
  A butterfly (Lair:6)
  5 fungi
  13 plants
23 creatures vanquished.

Grand Total: 558 creatures vanquished

Notes
Turn   | Place    | Note
-------+----------+-------------------------------------------
     0 | D:1      | Kejsarherre the Ogre Hunter began the quest for the Orb.
     0 | D:1      | Reached XP level 1. HP: 22/22 MP: 1/1
   152 | D:1      | Reached XP level 2. HP: 22/31 MP: 2/2
   271 | D:1      | Found a shattered altar of Ashenzari.
   961 | D:2      | Reached XP level 3. HP: 37/40 MP: 3/3
  1128 | D:2      | Reached skill level 5 in Fighting
  1295 | D:2      | Found a snail-covered altar of Cheibriados.
  1779 | D:3      | Reached XP level 4. HP: 52/52 MP: 4/4
  2191 | D:3      | Reached XP level 5. HP: 47/61 MP: 5/5
  2463 | D:4      | Found an opulent altar of Gozag.
  2760 | D:4      | Noticed Ijyb
  2765 | D:4      | Killed Ijyb
  2809 | D:4      | Reached XP level 6. HP: 33/72 MP: 6/6
  2954 | D:4      | Found a blossoming altar of Fedhas.
  2955 | D:4      | Found an ancient bone altar of Kikubaaqudgha.
  3049 | D:4      | Found a sparkling altar of Nemelex Xobeh.
  3170 | D:4      | Found Dexkiery's Distillery.
  3289 | D:4      | Found an ancient bone altar of Kikubaaqudgha.
  3289 | D:4      | Noticed a human
  3293 | D:4      | Killed a human
  3343 | D:5      | Entered Level 5 of the Dungeon
  3551 | D:5      | Reached skill level 1 in Maces & Flails
  3709 | D:5      | Reached skill level 5 in Throwing
  3709 | D:5      | Reached XP level 7. HP: 65/80 MP: 7/7
  3750 | D:5      | Reached skill level 2 in Maces & Flails
  3919 | D:5      | Found a sacrificial altar of Ru.
  4201 | D:6      | Reached skill level 3 in Maces & Flails
  4201 | D:6      | Reached XP level 8. HP: 73/88 MP: 8/8
  4324 | D:6      | Reached skill level 4 in Maces & Flails
  4345 | D:6      | Found a shadowy altar of Dithmenos.
  4386 | D:6      | Reached skill level 5 in Maces & Flails
  4516 | D:6      | Noticed tmwh's ghost (novice HOFi)
  5146 | D:6      | Found a burning altar of Makhleb.
  5860 | D:6      | Found a staircase to the Ecumenical Temple.
  5877 | Temple   | Entered the Ecumenical Temple
  6100 | D:6      | Became a worshipper of Dithmenos the Shadowed
  6161 | D:7      | Reached skill level 6 in Maces & Flails
  6534 | D:7      | Reached XP level 9. HP: 96/96 MP: 9/9
  6558 | D:7      | Reached skill level 7 in Maces & Flails
  6589 | D:7      | Found a hazy altar of Hepliaklqana.
  7060 | D:8      | Reached * piety under Dithmenos
  7227 | D:8      | Reached skill level 8 in Maces & Flails
  7426 | D:8      | Noticed a two-headed ogre
  7454 | D:8      | Killed a two-headed ogre
  7454 | D:8      | Reached skill level 9 in Maces & Flails
  7524 | D:8      | Noticed a gargoyle
  7533 | D:8      | Killed a gargoyle
  7533 | D:8      | Reached XP level 10. HP: 104/104 MP: 10/10
  7539 | D:8      | Noticed an elephant
  7809 | D:6      | Killed tmwh's ghost
  7809 | D:6      | Reached skill level 10 in Maces & Flails
  8283 | D:7      | Killed an elephant
  8342 | D:8      | Found a staircase to the Lair.
  8781 | D:8      | Gained mutation: You are agile. (Dex +2) [potion of mutation]
  8781 | D:8      | Gained mutation: You have large cloven feet. [potion of mutation]
  8924 | D:8      | Reached skill level 11 in Maces & Flails
  9080 | D:9      | Found a radiant altar of Vehumet.
  9286 | D:9      | Reached skill level 5 in Dodging
  9321 | D:9      | Reached ** piety under Dithmenos
  9480 | D:10     | Entered Level 10 of the Dungeon
 10464 | D:9      | Reached XP level 11. HP: 78/111 MP: 11/11
 10777 | D:10     | Reached *** piety under Dithmenos
 10779 | D:10     | Reached skill level 12 in Maces & Flails
 11391 | D:10     | Noticed a two-headed ogre
 11398 | D:10     | Killed a two-headed ogre
 11446 | D:11     | Noticed Erica
 11446 | D:11     | Noticed Grum
 12012 | D:10     | Paralysed by a hornet for 1 turns
 12019 | D:10     | Paralysed by a hornet for 3 turns
 12197 | Lair:1   | Entered Level 1 of the Lair of Beasts
 12214 | Lair:2   | Got a bloodstained arbalest
 12452 | Lair:2   | Reached skill level 13 in Maces & Flails
 12575 | Lair:2   | Found a labyrinth entrance.
 12584 | Lab      | Entered a labyrinth
 12893 | Lab      | Identified the cursed +2 arbalest of the Wilderness {venom, Str+2} (You found it on level 2 of the Lair of Beasts)
 12909 | Lab      | Noticed a minotaur
 12920 | Lab      | Killed a minotaur
 12935 | Lab      | Identified Patiucal's Almanac of Displaced Clay
 12936 | Lab      | Got a glittering lapis lazuli ring
 12937 | Lab      | Got a slimy robe
 12958 | Lab      | Identified the +1 robe of the Marlin {rElec rPois rF+} (You found it in a labyrinth)
 13189 | Lair:2   | Identified the ring of Kosug {*Drain rC+++ Str-2 Dex+10 Stlth+} (You found it in a labyrinth)
 13270 | Lair:2   | Reached XP level 12. HP: 77/123 MP: 12/12
 13694 | Lair:3   | Reached **** piety under Dithmenos
 13790 | Lair:3   | Found a hole to the Spider Nest.
 13874 | Lair:3   | Noticed a death yak
 13887 | Lair:3   | Reached skill level 10 in Fighting
 13922 | Lair:3   | Killed a death yak
 13946 | Lair:3   | Reached skill level 14 in Maces & Flails
 14234 | Lair:3   | Noticed a six-headed hydra
 16210 | Lair:4   | Found a shimmering altar of Xom.
 16244 | Lair:4   | Noticed a four-headed hydra
 16255 | Lair:4   | Killed a four-headed hydra
 16257 | Lair:4   | Reached ***** piety under Dithmenos
 16933 | Lair:5   | Reached XP level 13. HP: 61/141 MP: 13/13
 17111 | Lair:5   | Reached skill level 1 in Evocations
 17756 | Lair:5   | Reached skill level 15 in Maces & Flails
 18055 | Lair:6   | Entered Level 6 of the Lair of Beasts
 20742 | Lair:6   | Noticed an entropy weaver
 20752 | Lair:6   | Noticed an entropy weaver
 20755 | Lair:6   | Killed an entropy weaver
 21487 | Lair:6   | Reached ****** piety under Dithmenos
 22055 | Lair:6   | Reached XP level 14. HP: 120/157 MP: 16/16
 22064 | Lair:6   | Reached skill level 16 in Maces & Flails
 22190 | Lair:6   | Found a staircase to the Slime Pits.
 22867 | Lair:6   | Learned a level 2 spell: Song of Slaying
 22871 | Lair:6   | Learned a level 3 spell: Regeneration
 22958 | Lair:6   | Reached skill level 15 in Fighting
 23093 | Lair:6   | Got an iridescent war axe
 23095 | Lair:6   | Identified 2 scrolls of acquirement
 23100 | Lair:6   | Got a brightly glowing shield
 23101 | Lair:6   | Identified the +5 shield of Qazlal's Generosity {Str-5 Dex+6} (You acquired it on level 6 of the Lair of Beasts)
 23110 | Lair:6   | Identified the +6 war axe "Ikiogid" {chop, +Fly rC+ rN+ Str-2} (You found it on level 6 of the Lair of Beasts)
 23117 | Lair:6   | Got an ancient spear
 23118 | Lair:6   | Identified the +10 spear of Noon {pierce, rF+ rC+} (You found it on level 6 of the Lair of Beasts)
 23433 | D:11     | Killed Grum
 23448 | D:11     | Reached skill level 1 in Spellcasting
 23463 | D:11     | Killed Erica
 23463 | D:11     | Reached skill level 1 in Charms
 23463 | D:11     | Reached skill level 1 in Necromancy
 24041 | D:12     | Found a sparkling altar of Nemelex Xobeh.
 24060 | D:12     | Found Pijaiblu's General Store.
 24061 | D:12     | Found Ykuzoik's Armour Shop.
 24061 | D:12     | Found a staircase to the Orcish Mines.
 24081 | D:12     | Reached skill level 1 in Armour
 24099 | D:12     | Noticed Rupert
 24107 | D:12     | HP: 4/238 [orc priest/divine providence (15)]
 24107 | D:12     | Mangled by Rupert

Skill      XL: |  1  2  3  4  5  6  7  8  9 10 11 12 13 14 |
---------------+-------------------------------------------+-----
Fighting       | 3 4 6 8 9 12 14 15 | 15.1
Maces & Flails | 1 3 6 9 11 13 14 15 16 | 16.1
Throwing       | 5 6 |  6.7
Dodging        | 3 5 7 |  7.0
Evocations     | 2 |  2.7
Spellcasting   | 1 |  1.8
Charms         | 1 |  1.4
Necromancy     | 1 |  1.4
Armour         | 2 |  2.1
Stealth        | |  0.6

Action                   |  1- 3 |  4- 6 |  7- 9 | 10-12 | 13-15 || total
-------------------------+-------+-------+-------+-------+-------++-------
Melee: Short sword       |    87 |       |       |       |       ||    87
       Whip              |    12 |       |       |       |       ||    12
       War axe           |       |    94 |    46 |       |       ||   140
       Giant spiked club |       |       |   144 |   660 |   477 ||  1281
       Kick              |       |       |       |   152 |   209 ||   361
Throw: Tomahawk          |    27 |     6 |     6 |       |     1 ||    40
       Large rock        |     4 |    17 |    50 |    31 |     1 ||   103
       Throwing net      |       |     4 |       |       |       ||     4
 Abil: Evoke Berserk Rag |       |       |       |     1 |     1 ||     2
Evoke: Wand              |       |       |    11 |    31 |     8 ||    50
  Use: Scroll            |     3 |    10 |     3 |     5 |     8 ||    29
       Potion            |       |       |       |    15 |     5 ||    20
 Stab: Paralysed         |       |       |    13 |    13 |       ||    26
       Sleeping          |       |       |     1 |     4 |    11 ||    16
       Distracted        |       |       |       |       |     3 ||     3
  Eat: Chunk             |     2 |     5 |     7 |    18 |     6 ||    38
       Ration            |       |     1 |     1 |     4 |     5 ||    11
Armor: Robe              |    67 |    27 |    43 |    58 |    66 ||   261
       Troll leather arm |       |       |       |    62 |       ||    62
       Skin              |       |       |       |    28 |    12 ||    40
Dodge: Dodged            |    65 |    52 |   149 |   513 |   465 ||  1244
